 Dungeon Crawl Stone Soup version 0.19.5 (webtiles) character file.

9328 sankara the Destroyer (level 11, -9/95 HPs)
             Began as a Red Draconian Conjurer on Mar 24, 2017.
             Was an Elder of Vehumet.
             Mangled by a seven-headed hydra (14 damage)
             ... on level 1 of the Lair of Beasts on Mar 25, 2017.
             The game lasted 00:57:37 (14324 turns).

sankara the Destroyer (Red Draconian Conjurer)     Turns: 14324, Time: 00:57:39

Health: -9/95      AC:  8    Str: 10    XL:     11   Next: 21%
Magic:  15/22      EV: 20    Int: 17    God:    Vehumet [****..]
Gold:   973        SH:  0    Dex: 14    Spells: 7 memorised, 3 levels left

rFire  + . .     SeeInvis .     t - +9 falchion "Ecocs" {venom, rElec rC+}
rCold  + + .     Gourm    .     (armour unavailable)
rNeg   . . .     Faith    .     D - +0 buckler
rPois  .         Spirit   .     R - +1 hat
rElec  +         Reflect  .     (no cloak)
rCorr  .         Harm     .     (no gloves)
MR     .....                    (no boots)
Stlth  +.........               m - amulet of magic regeneration
                                C - +3 ring of evasion
                                y - ring of protection from cold

@: confused, lethally poisoned (-9 -> -11)
A: breathe fire, unfitting armour, fire resistance 1, sense surroundings 1,
cold-blooded, AC +7
a: Breathe Fire, Renounce Religion


You were on level 1 of the Lair of Beasts.
You worshipped Vehumet.
Vehumet was greatly pleased with you.
You were not hungry.

You visited 3 branches of the dungeon, and saw 12 of its levels.

You collected 973 gold pieces.

Inventory:

Hand Weapons
 t - the +9 falchion "Ecocs" (weapon) {venom, rElec rC+}
   (You found it on level 4 of the Dungeon)

   It poisons the flesh of those it strikes.
   It protects you from cold.
   It insulates you from electricity.
 M - the +7 sceptre of Torment
   (You found it on level 7 of the Dungeon)
Armour
 D - a +0 buckler (worn)
 R - a +1 hat (worn)
Magical Staves
 X - an uncursed staff of summoning
Jewellery
 e - a +3 ring of intelligence {unknown}
 m - an amulet of magic regeneration (around neck)
 y - a ring of protection from cold (left hand)
 C - a +3 ring of evasion (right hand)
 P - a +2 ring of protection
Wands
 a - a wand of slowing (20/48)
 A - a wand of acid (6/15)
 G - a wand of iceblast (5/15)
 H - a wand of confusion (38/48)
 I - a wand of lightning (7/15)
 N - a wand of disintegration (20/24)
 Q - a wand of acid (8/15)
 S - a wand of random effects (34/48)
 T - a wand of flame (13/48)
Scrolls
 f - a scroll of magic mapping {unknown}
 h - 2 scrolls of enchant weapon {unknown}
 j - a scroll of fear {unknown}
 k - 3 scrolls of noise {unknown}
 l - 2 scrolls of enchant armour {unknown}
 o - 7 scrolls of teleportation {unknown}
 p - 2 scrolls of immolation {unknown}
 s - 8 scrolls of remove curse {unknown}
 u - 2 scrolls of identify
 v - a scroll of blinking {unknown}
 B - a scroll of acquirement {unknown}
 F - 2 scrolls of amnesia {unknown}
 K - a scroll of random uselessness {unknown}
 O - a scroll of fog {unknown}
 V - a scroll of recharging {unknown}
Potions
 d - 3 potions of flight
 i - 2 potions of curing
 n - 2 potions of agility
 w - a potion of brilliance
 x - 3 potions of might
 z - a potion of resistance
 J - a potion of ambrosia
 L - a potion of heal wounds
 U - a potion of degeneration {unknown}
Comestibles
 b - 8 bread rations
 c - a royal jelly
 g - 6 meat rations
 q - 5 fruits
 r - 2 slices of pizza
 E - 7 beef jerkies


   Skills:
 + Level 8.7 Fighting
 + Level 7.9 Dodging
 - Level 1.7 Stealth
 - Level 4.0 Shields
 + Level 7.9 Spellcasting
 - Level 9.0 Conjurations
 - Level 3.0 Hexes
 - Level 3.0 Charms


You had 3 spell levels left.
You knew the following spells:

 Your Spells              Type           Power        Failure   Level  Hunger
a - Magic Dart            Conj           ####         1%          1    None
b - Dazzling Spray        Conj/Hex       ####..       1%          3    #......
c - Iskenderun's Mystic   Conj           #####...     1%          4    ###....
d - Fulminant Prism       Conj/Hex       ####......   2%          4    ###....
e - Iskenderun's Battles  Conj/Chrm      ####....     7%          5    #####..
f - Repel Missiles        Chrm/Air       ##....       10%         2    None
g - Stone Arrow           Conj/Erth      ###...       1%          3    #......


Dungeon Overview and Level Annotations

Branches:
Dungeon (10/15)            Temple (1/1) D:4            Lair (1/6) D:8
    Orc: D:9-12

Altars:
Ashenzari
Cheibriados
Dithmenos
Elyvilon
Fedhas
Gozag
Hepliaklqana
Kikubaaqudgha
Makhleb
Nemelex Xobeh
Okawaru
Qazlal
Ru
Sif Muna
Trog
Uskayaw
Vehumet
Xom
Yredelemnul
Zin
The Shining One

Annotations:
D:8 1 runed door


Innate Abilities, Weirdness & Mutations

You can breathe blasts of fire.
Your fiery red scales are hard. (AC +7)
You cannot fit into any form of body armour.
Your flesh is heat resistant. (rF+)
You are cold-blooded and may be slowed by cold attacks.
You passively map a small area around you.


Message History

Your battlesphere fires!
The barrage of energy hits the seven-headed hydra.
The seven-headed hydra is heavily wounded.
The seven-headed hydra bites you! x2
The seven-headed hydra closely misses you.
The seven-headed hydra bites you!
* * * LOW HITPOINT WARNING * * *
The seven-headed hydra bites you.
* * * LOW HITPOINT WARNING * * *
The seven-headed hydra bites you but does no damage.
The seven-headed hydra bites you.
* * * LOW HITPOINT WARNING * * *
Unknown command.
You are confused.
You feel invigorated.
You feel sick. The seven-headed hydra misses you.
The seven-headed hydra completely misses you.
The seven-headed hydra misses you. The seven-headed hydra bites you!
* * * LOW HITPOINT WARNING * * *
The seven-headed hydra bites you!
You die...

#.###.######## ,
#...<........,
#............ ,, ,
#............ ,
#.###..###### ,
#.....## *# * ,
##.#...######.#.#**
#........#........
.......*..@†......
,
..........D†......
,,
..................
..................
..................
#.................
,
#.....>..........,
#............... ,
, * , , , ,


You could see a seven-headed hydra and a friendly battlesphere.

Vanquished Creatures
  The ghost of dxctxrx the Archer, a novice HEHu (D:8)
  An unseen horror (D:10)
  2 hill giants (D:10)
  2 two-headed ogres (D:8)
  A hippogriff (D:5)
  Sigmund (D:5)
  6 yaks
  2 wyverns
  2 water moccasins
  5 ice beasts
  2 sky beasts (D:5)
  4 orc warriors
  A black bear (D:7)
  A necrophage (D:4)
  4 ogres
  2 phantoms
  2 centaurs (D:7)
  2 crocodiles
  2 big kobolds
  8 bullfrogs
  A water moccasin zombie (D:8)
  A wyvern zombie (D:9)
  6 scorpions
  4 killer bees (D:6)
  The ghost of Naryar the Ruffian, a weakling DrTm (D:3)
  3 howler monkeys
  A jelly (D:9)
  A quasit (D:9)
  3 centaur zombies
  8 crimson imps
  2 bullfrog zombies
  2 hounds
  5 orc wizards
  4 orc priests
  4 bullfrog skeletons
  3 centaur skeletons
  4 iguanas
  A hell rat (D:5)
  5 worker ants
  A hound zombie (D:4)
  2 hound skeletons
  2 howler monkey zombies
  5 worker ant zombies
  5 gnolls
  A howler monkey skeleton (D:4)
  15 adders
  6 river rats
  2 shadow imps
  4 adder zombies
  2 oozes (D:3)
  2 adder skeletons (D:4)
  4 worms
  A dart slug (D:2)
  12 leopard geckos
  37 orcs
  19 bats
  8 giant cockroaches
  11 hobgoblins
  14 jackals
  4 quokkas
  A ball python (D:2)
  6 frilled lizards
  A giant cockroach zombie (D:4)
  9 goblins
  A jackal skeleton (D:4)
  15 kobolds
  A leopard gecko skeleton (D:3)
  2 leopard gecko zombies (D:4)
  A quokka skeleton (D:8)
  A quokka zombie (D:4)
  41 rats
  A fungus (D:8)
347 creatures vanquished.

Vanquished Creatures (others)
  A human (D:6)
  3 fungi (D:8)
4 creatures vanquished.

Grand Total: 351 creatures vanquished

Notes
Turn   | Place    | Note
-------+----------+-------------------------------------------
     0 | D:1      | sankara the Draconian Conjurer began the quest for the Orb.
     0 | D:1      | Reached XP level 1. HP: 14/14 MP: 3/3
   356 | D:1      | Reached XP level 2. HP: 20/20 MP: 1/5
  1557 | D:2      | Reached XP level 3. HP: 20/26 MP: 0/7
  1754 | D:1      | Reached skill level 5 in Conjurations
  1754 | D:1      | Reached XP level 4. HP: 4/33 MP: 1/8
  2606 | D:2      | Learned a level 3 spell: Dazzling Spray
  2611 | D:2      | Learned a level 4 spell: Iskenderun's Mystic Blast
  2706 | D:2      | You fall through a shaft!
  3108 | D:3      | Reached XP level 5. HP: 38/38 MP: 4/9
  3818 | D:3      | Noticed Naryar's ghost (weakling DrTm)
  4323 | D:3      | Killed Naryar's ghost
  4323 | D:3      | Reached skill level 6 in Conjurations
  4541 | D:3      | Reached XP level 6. HP: 44/45 MP: 7/11
  4631 | D:3      | Learned a level 4 spell: Fulminant Prism
  6102 | D:4      | Reached skill level 1 in Fighting
  6102 | D:4      | Reached skill level 7 in Conjurations
  6102 | D:4      | Your scales start taking on a fiery red colour.
  6102 | D:4      | Reached XP level 7. HP: 28/52 MP: 1/13
  6102 | D:4      | Gained mutation: Your flesh is heat resistant. (rF+) [Red Draconian growth]
  6705 | D:4      | Got a crude falchion
  6706 | D:4      | Identified the +9 falchion "Ecocs" {venom, rElec rC+} (You found it on level 4 of the Dungeon)
  6868 | D:4      | Found a shadowy altar of Dithmenos.
  6920 | D:4      | Found a staircase to the Ecumenical Temple.
  6927 | Temple   | Entered the Ecumenical Temple
  7175 | Temple   | Became a worshipper of Vehumet
  7274 | D:4      | Reached XP level 8. HP: 50/61 MP: 15/15
  7322 | D:4      | Reached skill level 8 in Conjurations
  7503 | D:5      | Entered Level 5 of the Dungeon
  7520 | D:5      | Reached skill level 5 in Spellcasting
  7626 | D:5      | Noticed Sigmund
  7630 | D:5      | Killed Sigmund
  7674 | D:5      | Learned a level 5 spell: Iskenderun's Battlesphere
  7984 | D:5      | Noticed a hippogriff
  7996 | D:5      | Killed a hippogriff
  8343 | D:5      | Reached skill level 9 in Conjurations
  8366 | D:5      | Reached * piety under Vehumet
  8366 | D:5      | Offered knowledge of Sting by Vehumet.
  8377 | D:5      | Reached XP level 9. HP: 68/71 MP: 17/17
  8991 | D:6      | Found a shattered altar of Ashenzari.
  8996 | D:6      | Found a burning altar of Makhleb.
  8997 | D:6      | Found an ancient bone altar of Kikubaaqudgha.
  9002 | D:6      | Reached skill level 1 in Charms
  9006 | D:6      | Reached skill level 1 in Hexes
  9075 | D:6      | Learned a level 2 spell: Repel Missiles
  9200 | D:6      | Found an ancient bone altar of Kikubaaqudgha.
  9615 | D:7      | Reached skill level 5 in Fighting
  9866 | D:6      | Reached skill level 5 in Dodging
  9866 | D:6      | Reached skill level 1 in Shields
 10076 | D:7      | Reached ** piety under Vehumet
 10076 | D:7      | Offered knowledge of Flame Tongue by Vehumet.
 10656 | D:8      | Found a shimmering altar of Xom.
 10658 | D:8      | Found a radiant altar of Vehumet.
 10658 | D:8      | Found a glowing silver altar of Zin.
 10660 | D:8      | Found a burning altar of Makhleb.
 10660 | D:8      | Found a radiant altar of Vehumet.
 10660 | D:8      | Found an opulent altar of Gozag.
 10670 | D:8      | Found a runed door.
 10758 | D:8      | Found a runed door.
 10988 | D:8      | Offered knowledge of Ignite Poison by Vehumet.
 10988 | D:8      | Reached XP level 10. HP: 27/82 MP: 16/19
 11260 | D:8      | Reached *** piety under Vehumet
 11526 | D:8      | Found a staircase to the Lair.
 11675 | D:8      | Noticed dxctxrx's ghost (novice HEHu)
 11904 | D:8      | Killed dxctxrx's ghost
 12217 | D:8      | Offered knowledge of Throw Icicle by Vehumet.
 12332 | D:9      | Got an ancient steel amulet
 12333 | D:9      | Identified the amulet "Imyxzodgh" {Spirit *Drain rF+ rN+ SInv} (You found it on level 9 of the Dungeon)
 12354 | D:8      | Gained mutation: You passively map a small area around you. [potion of beneficial mutation]
 12893 | D:9      | Reached **** piety under Vehumet
 13365 | D:9      | Offered knowledge of Stone Arrow by Vehumet.
 13510 | D:9      | Learned a level 3 spell: Stone Arrow
 13594 | D:10     | Entered Level 10 of the Dungeon
 13708 | D:10     | Noticed a hill giant
 13731 | D:10     | Killed a hill giant
 13731 | D:10     | Reached XP level 11. HP: 69/95 MP: 7/22
 13896 | D:10     | Killed an unseen horror
 14077 | D:10     | Noticed a hill giant
 14085 | D:10     | Killed a hill giant
 14306 | Lair:1   | Entered Level 1 of the Lair of Beasts
 14315 | Lair:1   | Noticed a seven-headed hydra
 14324 | Lair:1   | Mangled by a seven-headed hydra

Skill      XL: |  1  2  3  4  5  6  7  8  9 10 |
---------------+-------------------------------+-----
Conjurations   | 5 6 7 9 |  9.0
Spellcasting   | 3 4 5 6 7 |  7.9
Dodging        | 2 3 4 5 7 |  7.9
Fighting       | 1 2 4 6 8 |  8.7
Charms         | 3 |  3.0
Hexes          | 3 |  3.0
Shields        | 3 4 |  4.0
Stealth        | |  1.7

Action                   |  1- 3 |  4- 6 |  7- 9 | 10-12 || total
-------------------------+-------+-------+-------+-------++-------
Melee: Dagger            |    36 |   136 |    93 |       ||   265
       Tailslap          |     3 |    19 |    39 |    30 ||    91
       Unarmed           |     3 |       |       |       ||     3
       Falchion          |       |       |   239 |   136 ||   375
       Staff             |       |       |     1 |       ||     1
 Cast: Magic Dart        |    56 |   221 |   144 |   119 ||   540
       Dazzling Spray    |       |     2 |     6 |    11 ||    19
       Iskenderun's Myst |       |     3 |     2 |     5 ||    10
       Repel Missiles    |       |       |     1 |       ||     1
       Stone Arrow       |       |       |       |    19 ||    19
       Iskenderun's Batt |       |       |       |     9 ||     9
  Use: Scroll            |       |     1 |     1 |     1 ||     3
       Potion            |       |     2 |     4 |     8 ||    14
 Stab: Sleeping          |     5 |       |     5 |     1 ||    11
       Distracted        |     1 |       |       |       ||     1
       Invisible         |       |       |     2 |     1 ||     3
  Eat: Chunk             |     2 |    16 |    17 |    15 ||    50
Armor: Skin              |     6 |   100 |   128 |    46 ||   280
Dodge: Dodged            |    26 |   207 |   297 |   179 ||   709
       Deflected         |       |       |       |     2 ||     2
Block: Buckler           |       |       |    30 |    53 ||    83
       Rpst.: Falchion   |       |       |    74 |    44 ||   118
